Unix NetHack Version 5.0.0-0 post-release - last build Jul 19 2026 19:10:59 (3aa4ab31751d3886436d94b585a96704892fd477,branch:main).

Game began 2026-07-21 07:26:48, ended 2026-07-21 16:29:25.

Clayface, chaotic female human Rogue

                          -----            -------
                          |...------     --|.....|
                          |...%....|     |.+...$.|
                          |.....%..|     |-|.....|--
                          -------.----   |.+.....[)|
                           |....[....--  |-|.....|%|
                           |..........|  |.+.....|x|
                           |..........|  --|.....|C|
                          -----.--------   ------|@|
                          |............|         |.|
                          |............|         |.|
                          --------.----|         |.|
                           |`.....%...`|         |.|
                           |...........|         |.|
                          -------.------         |.|
                          |.......----------------.|
                          |>......^................|
                          --------------------------
Clayface the Rogue      St:16 Dx:18 Co:16 In:10 Wi:11 Ch:12  Chaotic
Dlvl:2  $:121 HP:0(71) Pw:41(41) AC:0  Xp:9 T:9243 

Latest messages:
 u - 2 uncursed orcish daggers.
 What do you want to ready? [$bhuW or ?*] b
 b - 7 +0 daggers (at the ready).
 You hit the gecko!  The gecko bites!
 You kill the gecko!
 It is hit.
 Are you waiting to get hit?  Use 'm' prefix to force a no-op (to rest).
 You kill the goblin!
 In what direction? 8
 The dagger hits the mountain centaur.
 The mountain centaur gets angry!
 The mountain centaur hurls a brilliant blue potion!
 The carafe crashes on your head and breaks into shards.
 The brilliant blue potion evaporates.  This burns a lot!
 Call a brilliant blue potion: acid
 You see here a quantum mechanic corpse.
 The mountain centaur misses!  The mountain centaur kicks!
 The mountain centaur kicks again!
 Some text has been burned into the floor here.  You read: "Elbereth".
 The mountain centaur turns to flee.
 Restoring save file...
 Hello Clayface, the human Rogue, welcome back to NetHack!
 Some text has been burned into the floor here.
 You read: "Elbereth".
 Some text has been burned into the floor here.
 You read: "Elbereth".
 The mountain centaur turns to flee.
 The mountain centaur hits!
 You die...
 Do you want your possessions identified? [ynq] (y) y
 Do you want to see your attributes? [ynq] (y) y
 Do you want an account of creatures vanquished? [ynaq] (y) y
 Do you want to see your conduct and achievements? [ynq] (y) y
 Do you want to see the dungeon overview? [ynq] (y) y

Inventory:
 Coins    ('$')
  $ - 121 gold pieces
 Weapons  (')')
  b - 6 +0 daggers (at the ready)
  h - a corroded +0 dagger
  D - a +0 elven dagger (weapon in right hand)
  W - a +1 orcish dagger
  u - 2 +0 orcish daggers
 Armor    ('[')
  g - a blessed +2 pair of kicking boots (being worn)
  k - an uncursed +0 oilskin cloak (being worn)
  i - an uncursed +0 dwarvish mithril-coat (being worn)
 Comestibles  ('%')
  z - an uncursed cram ration
  w - an uncursed cream pie
  C - an uncursed eucalyptus leaf
  F - 2 uncursed food rations
  Y - 2 uncursed tripe rations
  X - an uncursed lizard corpse
 Scrolls  ('?')
  B - an uncursed scroll of blank paper
  m - an uncursed scroll of create monster
  P - an uncursed scroll of earth
  Q - a cursed scroll of earth
  K - a cursed scroll of fire
  l - a cursed scroll of identify
  p - an uncursed scroll of stinking cloud
 Potions  ('!')
  H - an uncursed potion of sickness
 Rings    ('=')
  T - an uncursed ring of conflict
  R - a blessed +1 ring of increase damage
  J - an uncursed +1 ring of increase damage
  Z - an uncursed ring of invisibility
  O - a cursed ring of polymorph
  S - an uncursed ring of regeneration
  c - an uncursed ring of searching
  V - an uncursed ring of warning
 Wands    ('/')
  M - a wand of fire (0:4)
  x - a wand of lightning (0:5)
  a - a wand of make invisible (0:7)
  G - a wand of make invisible (0:5)
  y - a wand of secret door detection (0:10)
  n - a wand of striking (0:5)
  L - a wand of teleportation (0:6)
  A - a wand of teleportation (0:3)
 Tools    ('(')
  f - an uncursed sack containing 1 item
  s - a can of grease (0:10)
  e - an uncursed lock pick
  t - a blessed magic lamp
  o - an uncursed magic whistle
  E - an uncursed mirror
  N - a +0 pick-axe (alternate weapon; not wielded)
  q - 2 uncursed tallow candles
  v - an uncursed towel
  U - a +0 unicorn horn
  j - a blessed wax candle
  d - a cursed wax candle
 Gems/Stones  ('*')
  r - an uncursed worthless piece of blue glass
  I - an uncursed worthless piece of violet glass

Contents of the sack:
  2194 gold pieces

Clayface the Rogue's attributes:

Background:
 You were a Rogue, level 9 female human.
 You were chaotic, on a mission for Kos
 who was opposed by Issek (lawful) and Mog (neutral).
 You were right-handed.
 You were in Sokoban, on level 2.
 You entered the dungeon 9243 turns ago.
 You had 3063 experience points, 2057 more were needed to attain level 10.

Basics:
 You had 0 out of 71 hit points.
 You had all 41 energy points (spell power).
 Your armor class was 0.
 Your wallet contained 121 zorkmids, and
 you had 2194 more stashed away in your pack.
 Autopickup was off.

Final Characteristics:
 Your strength was 16 (limit:18/100).
 Your dexterity was 18 (limit:18).
 Your constitution was 16 (limit:18).
 Your intelligence was 10 (limit:18).
 Your wisdom was 11 (limit:18).
 Your charisma was 12 (limit:18).

Final Status:
 You weren't hungry.
 You were unencumbered.
 You were wielding a dagger.
 You had expert skill with dagger.

Final Attributes:
 You were piously aligned.
 You were cold resistant.
 You were poison resistant.
 You were telepathic.
 You were stealthy.
 You were guarded.
 You are dead.

Miscellaneous:
 You didn't encounter any bones levels.
 Total elapsed playing time was 3 hours, 41 minutes and 43 seconds.

Major events:
 Turn
    1: Clayface the chaotic female human Rogue entered the dungeon
  906: attained the rank of Cutpurse (level 3)
 1064: entered the Gnomish Mines
 2652: attained the rank of Rogue (level 6)
 3903: reached Mine Town
 6250: entered Sokoban
 6660: completed 1st Sokoban level
 7493: completed 2nd Sokoban level
 7908: completed 3rd Sokoban level
 9012: completed 4th Sokoban level
 9243: killed by a mountain centaur

You didn't know any spells.

Skills:
 Fighting Skills
   bare handed combat [Unskilled]
   two weapon combat  [Unskilled]
   riding             [Unskilled]
 Weapon Skills
   dagger             [Expert]
   knife              [Unskilled]
   short sword        [Basic]
   broadsword         [Unskilled]
   long sword         [Unskilled]
   two-handed sword   [Unskilled]
   saber              [Unskilled]
   club               [Unskilled]
   mace               [Unskilled]
   morning star       [Unskilled]
   flail              [Unskilled]
   hammer             [Unskilled]
   polearms           [Unskilled]
   spear              [Unskilled]
   crossbow           [Unskilled]
   dart               [Unskilled]
   shuriken           [Unskilled]
 Spellcasting Skills
   divination spells  [Unskilled]
   escape spells      [Unskilled]
   matter spells      [Unskilled]

Voluntary challenges:
 Character rerolling was not enabled.
 You never genocided any monsters.
 You never polymorphed an object.
 You never changed form.
 You used no wishes.
 You did not violate any of the special Sokoban rules.
Achievements:
 You attained the rank of Cutpurse.
 You entered the Gnomish Mines.
 You entered a shop.
 You attained the rank of Rogue.
 You entered Minetown.
 You entered a temple.
 You entered Sokoban.

 The Dungeons of Doom: levels 1 to 6
    Level 1:
       A fountain.
    Level 2:
       An altar to Kos.
    Level 3:
    Level 4:
       A ring shop, an altar, a sink.
       Stairs down to The Gnomish Mines.
    Level 5:
       Many fountains.
       Oracle of Delphi.
    Level 6:
       A fountain.
       Stairs up to Sokoban, level 5.
 The Gnomish Mines: levels 5 to 8
    Level 5:
    Level 6:
    Level 7:
       Many shops, a temple and an altar to Kos, some fountains, some trees.
    Level 8:
 Sokoban: levels 5 up to 2
    Level 2: <- You were here.
       Solved.
       Final resting place for
          you, killed by a mountain centaur.
    Level 3:
       Solved.
    Level 4:
       Solved.
    Level 5:
       Solved.


Vanquished creatures:
  a giant mimic
  a stalker
  a small mimic
  a quantum mechanic
  a gelatinous cube
  a gargoyle
  a tengu
  a wraith
  2 giant beetles
  a quivering blob
  a cockatrice
  a panther
  a spotted jelly
  2 leprechauns
  a vampire bat
 an owlbear
  a werewolf
  a lizard
  a housecat
  a jaguar
  a dwarf leader
  a white unicorn
  a dust vortex
  a raven
  a gnome mummy
  2 snakes
  2 apes
  a wood nymph
  2 water nymphs
  2 rock piercers
  a rock mole
  a pony
  3 yellow lights
  a shrieker
  3 violet fungi
  8 gnome leaders
  a ghoul
  a straw golem
  a paper golem
  4 giant ants
  2 little dogs
  7 floating eyes
  9 dwarves
  a kobold leader
  5 hill orcs
  4 rothes
  a centipede
  a giant bat
  a monkey
 an orc zombie
  3 dwarf zombies
  a wererat
  a werejackal
  3 iguanas
  3 acid blobs
  a coyote
  a gas spore
  4 hobbits
  2 manes
  2 hobgoblins
  6 giant rats
  4 cave spiders
  a yellow mold
  a green mold
 26 gnomes
 11 garter snakes
  2 gnome zombies
  4 geckos
  3 jackals
  2 foxes
  2 kobolds
  6 goblins
  a sewer rat
  9 grid bugs
  4 bats
  3 lichens
  5 kobold zombies
  6 newts
209 creatures vanquished.

No species were genocided or became extinct.

Game over:
                       ----------
                      /          \
                     /    REST    \
                    /      IN      \
                   /     PEACE      \
                  /                  \
                  |     Clayface     |
                  |     2315 Au      |
                  |   killed by a    |
                  | mountain centaur |
                  |                  |
                  |                  |
                  |       2026       |
                 *|     *  *  *      | *
        _________)/\\_//(\/(/\)/\//\/|_)_______

Goodbye Clayface the Rogue...

You died in Sokoban on dungeon level 2 with 12112 points,
and 2315 pieces of gold, after 9243 moves.
You were level 9 with a maximum of 71 hit points when you died.

